 Dungeon Crawl Stone Soup version 0.22-b1-21-g5cfc168 (webtiles) character file.

89 Gorglomux the Skirmisher (level 4, 0/49 HPs)
             Began as an Ogre Skald on Aug 4, 2018.
             Was an Initiate of Elyvilon.
             Slain by a gnoll
             ... wielding a +0 spear
              (2 damage)
             ... on level 3 of the Dungeon.
             The game lasted 00:02:22 (2142 turns).

Gorglomux the Skirmisher (Ogre Skald)               Turns: 2142, Time: 00:02:23

Health: 0/49       AC:  3    Str: 21    XL:     4   Next: 55%
Magic:  0/7        EV: 10    Int: 19    God:    Elyvilon [......]
Gold:   94         SH:  0    Dex:  8    Spells: 1/8 levels left

rFire    . . .     SeeInvis .   a - +0 short sword
rCold    . . .     Gourm    .   (no shield)
rNeg     . . .     Faith    .   b - +0 robe
rPois    .         Spirit   +   (helmet restricted)
rElec    .         Reflect  .   n - scarf {Spirit}
rCorr    .         Harm     .   (gloves unavailable)
MR       .....                  (boots unavailable)
Stlth    +.........             (no amulet)
HPRegen  0.16/turn              (no ring)
MPRegen  0.10/turn              (no ring)

@: mighty, brilliant, flying, very slightly contaminated
A: large, unfitting armour, tough skin 1
a: Renounce Religion


You were on level 3 of the Dungeon.
You worshipped Elyvilon.
Elyvilon was noncommittal.
You were hungry.

You visited 1 branch of the dungeon, and saw 3 of its levels.

You collected 94 gold pieces.

Inventory:

Hand Weapons
 a - a +0 short sword (weapon)
Armour
 b - a +0 robe (worn)
 n - a scarf of spirit shield (worn)
Scrolls
 g - 2 scrolls of identify {unknown}
 l - 2 scrolls of teleportation {unknown}
 m - 2 scrolls of enchant weapon {unknown}
 o - 5 scrolls of remove curse {unknown}
Potions
 h - a potion of heal wounds {unknown}
 i - 2 potions of brilliance
 j - a potion of might
 Q - a potion of curing
Comestibles
 d - 7 rations
 p - 6 chunks of flesh


   Skills:
 + Level 4.6 Fighting
 - Level 1.7 Short Blades
 - Level 3.2 Dodging
 + Level 2.6 Spellcasting
 + Level 0.4 Hexes
 + Level 2.8 Charms


You had one spell level left.
You knew the following spells:

 Your Spells              Type           Power        Failure   Level  Hunger
a - Infusion              Chrm           ###.         1%          1    #......
R - Regeneration          Chrm/Necr      ###.......   3%          3    ###....
W - Spectral Weapon       Hex/Chrm       ###.....     3%          3    ###....

Your spell library contained the following spells:

 Spells                   Type           Power        Failure   Level  Hunger
 Spider Form              Tmut/Pois      ##........   5%          3    ###....
 Blade Hands              Tmut           ##........   38%         5    ######.
 Ice Form                 Ice/Tmut       ##......     17%         4    #####..
 Sticks to Snakes         Tmut           ##......     3%          2    ##.....
 Shroud of Golubria       Chrm/Tloc      ###.......   1%          2    ##.....
 Beastly Appendage        Tmut           ##....       1%          1    #......
 Song of Slaying          Chrm           ###.....     1%          2    ##.....


Dungeon Overview and Level Annotations

Branches:
Dungeon (3/15)

Altars:
Ashenzari
Elyvilon
Yredelemnul


Innate Abilities, Weirdness & Mutations

You are too large for most types of armour.
You have tough skin. (AC +1)


Message History

* * * don't die
* * * The gnoll hits you from afar with a spear! * * * don't die
* * * You feel better!
The gnoll barely misses you!
The gnoll hits you from afar with a spear! * * * don't die
* * * It was a potion of brilliance!
You feel clever all of a sudden!
The gnoll hits you with a spear!!! * * * don't die
* * * The gnoll butt-ly misses you!
You feel better!
You are no longer magically infusing your attacks!
The gnoll barely misses you! The gnoll closely misses you!
It butts a potion of flight!
You feel very buoyant!
You fly up into the air!
The gnoll hits you with a spear!!! * * * don't die
* * * The gnoll hits you from afar with a spear! rip

...# ...# ...## ########
....######......#
..........÷.....#
....#######.....##... #...
....# #...g..#... .... ###.#
#......##.##.... #.#
####.g@.#.#... #.#
#..###.#####. .. #.#
###....###...###.... ###.#
#........#._.#...... #...#
#......###...### #.###
#....###.'####.# #.#
#..###....#g#....#
#.#######........##.##......
#.......÷........#?.. ...(..


You could see 2 gnolls.

Vanquished Creatures
  Robin (D:2)
  An adder (D:3)
  A gnoll (D:3)
  An adder skeleton (D:2)
  A worm (D:2)
  2 dart slugs
  A leopard gecko (D:1)
  3 giant cockroaches
  8 goblins
  8 hobgoblins
  A quokka (D:3)
  2 ball pythons
  6 bats
  2 frilled lizards (D:2)
  3 kobolds (D:1)
  A quokka skeleton (D:3)
  6 rats
48 creatures vanquished.

Notes
Turn   | Place    | Note
-------+----------+-------------------------------------------
     0 | D:1      | Gorglomux the Ogre Skald began the quest for the Orb.
     0 | D:1      | Reached XP level 1. HP: 22/22 MP: 3/3
    96 | D:1      | Reached skill level 3 in Fighting
   166 | D:1      | Reached XP level 2. HP: 20/31 MP: 1/5
   831 | D:2      | Reached XP level 3. HP: 31/39 MP: 1/6
  1007 | D:2      | Learned a level 3 spell: Regeneration
  1040 | D:2      | Found a basalt altar of Yredelemnul.
  1236 | D:2      | Reached skill level 4 in Fighting
  1308 | D:2      | Reached skill level 3 in Dodging
  1391 | D:2      | Found a white marble altar of Elyvilon.
  1434 | D:2      | Noticed Robin
  1472 | D:2      | Became a worshipper of Elyvilon the Healer
  1484 | D:2      | Killed Robin
  1484 | D:2      | Reached XP level 4. HP: 25/49 MP: 0/7
  1517 | D:2      | Learned a level 3 spell: Spectral Weapon
  2035 | D:3      | Found a shattered altar of Ashenzari.
  2140 | D:3      | HP: 1/49 [gnoll/spear (7)]
  2142 | D:3      | Slain by a gnoll

Skill      XL: |  1  2  3 |
---------------+----------+-----
Fighting       | 3 4 |  4.6
Dodging        | 3 |  3.2
Short Blades   | |  1.7
Spellcasting   | |  2.6
Hexes          | |  0.4
Charms         | |  2.8

Action                   |  1- 3 |  4- 6 || total
-------------------------+-------+-------++-------
Melee: Short sword       |   123 |    51 ||   174
 Cast: Infusion          |    12 |     1 ||    13
       Spectral Weapon   |       |     1 ||     1
  Use: Potion            |       |     6 ||     6
  Eat: Chunk             |     2 |     2 ||     4
Armor: Robe              |    35 |    20 ||    55
Dodge: Dodged            |    58 |    32 ||    90
